 Dungeon Sprint DCSS version 0.17.0-27-g4a3f43e (webtiles) character file.

191 oplop the Thaumaturge (level 5, -4/28 HPs)
             Began as a Deep Elf Fire Elementalist on Nov 21, 2015.
             Slain by an iron imp (5 damage)
             ... in the Dungeon (Sprint V: "Ziggurat Sprint").
             The game lasted 00:02:03 (172 turns).

oplop the Thaumaturge (Deep Elf Fire Elementalist)   Turns: 172, Time: 00:02:03

Health: -4/28      AC:  2    Str:  5    XL:     5   Next: 42%
Magic:  19/23      EV: 13    Int: 27    God:
Gold:   0          SH:  0    Dex: 15    Spells: 4 memorised, 8 levels left

rFire  . . .     SeeInvis .     I - +6 Majin-Bo {vamp, Archmagi MP+6 Int+6}
rCold  . . .     Clarity  .     a - +0 robe
rNeg   . . .     SustAt   .     (shield currently unavailable)
rPois  .         Gourm    .     (no helmet)
rElec  .         Spirit   .     (no cloak)
rCorr  .         Warding  .     (no gloves)
rMut   .         NoTele   +     (no boots)
MR     .....                    (no amulet)
Stlth  ++........               (no ring)
                                (no ring)

@: not resistant to hostile enchantments, unstealthy
A: no striking features
a: no special abilities


You were in the Dungeon.
You were not hungry.

You visited 1 branch

Inventory:

Hand Weapons
 I - the +6 Majin-Bo (weapon) {vamp, Archmagi MP+6 Int+6}
   (You found it in the Dungeon)

   It inflicts no extra harm, but heals its wielder somewhat when it strikes a
   living foe.
   It affects your intelligence (+6).
   It affects your magic capacity (+6).
Armour
 a - a +0 robe (worn)
 m - a +3 shield
Jewellery
 y - a +6 ring of dexterity
 z - a +6 ring of dexterity
 A - a +6 ring of intelligence
 B - a +6 ring of intelligence
 C - a +6 ring of strength
 D - a +6 ring of strength
Wands
 E - a wand of disintegration (7)
 F - a wand of fire (5)
 G - a wand of cold (5)
 H - a wand of draining (5)
Scrolls
 i - 4 scrolls of blinking
 p - 4 scrolls of amnesia
 q - 3 scrolls of recharging
 r - 7 scrolls of fog
 s - a scroll of holy word
 t - 5 scrolls of identify
 u - 5 scrolls of remove curse
 v - 2 scrolls of fear
Potions
 d - 10 potions of curing
 e - 10 potions of heal wounds
 f - 6 potions of haste
 g - 7 potions of magic
 h - 3 potions of berserk rage
 j - 2 potions of brilliance
 k - 2 potions of invisibility
 l - 4 potions of resistance
 n - 5 potions of agility
 o - 5 potions of might
Books
 b - a book of Flames

   Spells                             Type                      Level
   a - Flame Tongue                   Conjuration/Fire             1
   b - Throw Flame                    Conjuration/Fire             2
   c - Conjure Flame                  Conjuration/Fire             3
   d - Inner Flame                    Hexes/Fire                   3
   e - Sticky Flame                   Conjuration/Fire             4
   f - Fireball                       Conjuration/Fire             5
Miscellaneous
 J - a crystal ball of energy
Comestibles
 c - 5 bread rations
 w - 42 fruits
 x - 3 meat rations


   Skills:
 + Level 5.9 Staves
 - Level 2.4 Dodging
 - Level 2.4 Stealth
 + Level 8.4 Spellcasting
 + Level 6.5 Conjurations
 + Level 7.4 Fire Magic


You had 8 spell levels left.
You knew the following spells:

 Your Spells              Type           Power        Failure   Level  Hunger
a - Flame Tongue          Conj/Fire      #####        1%          1    None
b - Throw Flame           Conj/Fire      ######       1%          2    None
c - Fireball              Conj/Fire      ######....   10%         5    ####...
d - Sticky Flame          Conj/Fire      ######..     2%          4    ##.....


Dungeon Overview and Level Annotations

Branches:
Dungeon (1/1)

Altars:
Ashenzari
Cheibriados
Dithmenos
Elyvilon
Fedhas
Gozag
Kikubaaqudgha
Makhleb
Nemelex Xobeh
Okawaru
Qazlal
Ru
Sif Muna
Trog
Vehumet
Xom
Yredelemnul
Zin
The Shining One
Beogh
Jiyva
Lugonu


Message History

Casting: Fireball
Confirm with . or Enter, or press ? or * to list all spells.
You can't see any susceptible monsters within range! (Use Z to cast anyway.) Unknown command.
Casting: Fireball
Confirm with . or Enter, or press ? or * to list all spells.
Okay, then.
Unknown command.
The iron imp hits you.
You barely miss the iron imp.
The iron imp hits you with an uncursed staff of summoning!
The iron imp hits you.
* * * LOW HITPOINT WARNING * * *
You are too injured to fight recklessly!
Unknown command.
You hit the iron imp but do no damage.
The iron imp hits you with an uncursed staff of summoning.
* * * LOW HITPOINT WARNING * * *
The iron imp hits you.
You die...

▓▓▓▓▓▓▓▓▓▓▓▓▓
▓.8©8.▓.8©8.▓
▓..}[.▓.....▓
▓.....▓.).:.▓
▓.55..▓.....▓
▓..@..▓..†..▓
▓.....▓.....▓
▓.....▓▓▓▓▓▓▓
▓▓▓▓▓▓▓


You could see 2 iron imps.

Vanquished Creatures
  2 necrophages (D)
  A white imp (D)
3 creatures vanquished.

Notes
Turn   | Place    | Note
--------------------------------------------------------------
     0 | D        | oplop the Deep Elf Fire Elementalist began the quest for the Orb.
     0 | D        | Reached XP level 1. HP: 10/10 MP: 6/6
     0 | D        | Found a roughly hewn altar of Beogh.
     0 | D        | Found a corrupted altar of Lugonu.
     0 | D        | Found a viscous altar of Jiyva.
     0 | D        | Found a white marble altar of Elyvilon.
     0 | D        | Found a sparkling altar of Nemelex Xobeh.
     0 | D        | Found a burning altar of Makhleb.
     0 | D        | Found an iron altar of Okawaru.
     0 | D        | Found a deep blue altar of Sif Muna.
     0 | D        | Found a radiant altar of Vehumet.
     0 | D        | Found a bloodstained altar of Trog.
     0 | D        | Found a shimmering altar of Xom.
    31 | D        | Reached skill level 5 in Spellcasting
    31 | D        | Reached skill level 5 in Fire Magic
    31 | D        | Reached XP level 2. HP: 15/15 MP: 6/10
    58 | D        | Entered arena 1.
    58 | D        | Noticed a necrophage
    58 | D        | Noticed a necrophage
    61 | D        | Killed a necrophage
    61 | D        | Reached skill level 7 in Spellcasting
    61 | D        | Reached skill level 5 in Conjurations
    61 | D        | Reached XP level 3. HP: 16/19 MP: 9/13
    61 | D        | Reached XP level 4. HP: 20/24 MP: 9/15
    65 | D        | Killed a necrophage
    65 | D        | Reached skill level 5 in Staves
    65 | D        | Reached skill level 8 in Spellcasting
    65 | D        | Reached XP level 5. HP: 17/28 MP: 8/17
   152 | D        | Learned a level 2 spell: Throw Flame
   158 | D        | Learned a level 5 spell: Fireball
   163 | D        | Learned a level 4 spell: Sticky Flame
   167 | D        | Entered arena 2.
   167 | D        | Noticed an iron imp
   167 | D        | Noticed an iron imp
   172 | D        | HP: 1/28 [iron imp/uncursed staff of summoning (4)]
   172 | D        | Slain by an iron imp

Action                   |  1- 3 |  4- 6 || total
-------------------------+-------+-------++-------
Melee: Quarterstaff      |     1 |     4 ||     5
 Cast: Flame Tongue      |     2 |     2 ||     4
       Fireball          |       |     1 ||     1
  Use: Potion            |     1 |       ||     1
  Eat: Meat ration       |     1 |       ||     1
